 Dungeon Crawl Stone Soup version 0.28-a0-991-g956f0ee3d5 (webtiles) character file.

Game seed: 9139706496734052591

187 wotkd0121004 the Sneak (level 5, -3/30 HPs)
             Began as an Octopode Earth Elementalist on Dec 4, 2021.
             Killed by divine providence
             ... invoked by an orc priest
              (12 damage)
             ... on level 3 of the Dungeon.
             The game lasted 00:04:24 (3139 turns).

wotkd0121004 the Sneak (OpEE)                       Turns: 3139, Time: 00:04:24

Health: -3/30      AC:  3    Str:  7    XL:     5   Next: 66%
Magic:  1/9        EV: 13    Int: 19    God:
Gold:   44         SH:  0    Dex: 13    Spells: 8/9 levels left

rFire   . . .      SeeInvis +   e - +1 dagger (flame)
rCold   . . .      Faith    .   (no shield)
rNeg    . . .      Spirit   .   (helmet restricted)
rPois   .          Reflect  .   (no amulet)
rElec   .          Harm     .   (no ring)
rCorr   .          Rampage  .   (no ring)
Will    .....                   (no ring)
Stlth   ++++......              (no ring)
HPRegen 0.10/turn               (no ring)
MPRegen 0.11/turn               (no ring)
                                (no ring)
                                (no ring)

@: no status effects
A: almost no armour, amphibious, 8 rings, camouflage 1, gelatinous body 1,
(nimble swimmer 1), tentacles, iridescent scales 1, see invisible, frail 1
a: no special abilities


You were on level 3 of the Dungeon.
You visited 1 branch of the dungeon, and saw 3 of its levels.

You collected 80 gold pieces.
You spent 36 gold pieces at shops.

Inventory:

Hand Weapons
 e - a +1 dagger of flaming (weapon)
Missiles
 b - 30 stones
Jewellery
 i - an amulet of faith
Scrolls
 c - a scroll of noise {unknown}
 h - a scroll of enchant weapon
 l - a scroll of vulnerability {unknown}
Potions
 a - a potion of resistance {unknown}
 d - 2 potions of brilliance
 f - a potion of lignification
 g - a potion of berserk rage {unknown}
 k - a potion of attraction {unknown}


   Skills:
 + Level 1.8 Fighting
 + Level 2.8 Dodging
 + Level 4.1 Stealth
 + Level 2.9 Spellcasting
 + Level 2.2 Transmutations
 + Level 3.5 Earth Magic


You had 8 spell levels left.
You knew the following spells:

 Your Spells              Type           Power      Damage    Failure   Level
a - Sandblast             Erth           32%        2d9       3%          1

Your spell library contained the following spells:

 Spells                   Type           Power      Damage    Failure   Level
 Passwall                 Tmut/Erth      10%        N/A       7%          2
 Stone Arrow              Conj/Erth      18%        3d8       22%         3
 Petrify                  Tmut/Erth      13%        N/A       43%         4


Dungeon Overview and Level Annotations

Branches:
Dungeon (3/15)

Altars:
Elyvilon
Gozag
Kikubaaqudgha
Qazlal
Uskayaw
Yredelemnul

Shops:
D:3 !


Innate Abilities, Weirdness & Mutations

You cannot wear most types of armour.
You are amphibious.
You can wear up to eight rings at the same time.
Your skin changes colour to match your surroundings (Stealth+).
Your rubbery body absorbs attacks. (AC +1, EV +1)
((You are camouflaged near water. (Stealth+)))
You have tentacles for arms and can constrict up to eight enemies at once.
You are partially covered in iridescent scales. (AC +2)
You have supernaturally acute eyesight. (SInv)
You are frail. (-10% HP)


Message History

You constrict the orc priest. The orc closely misses you.
The orc hits you but does no damage. The orc priest hits you with a +0 mace.
You hit the orc priest but do no damage.
You squeeze the orc priest.
The orc priest is almost dead.
You constrict the orc priest.
You kill the orc priest!
The orc barely misses you.
Casting: Sandblast (safe; 3% risk of failure)
Confirm with . or Enter, or press ? or * to list all spells.
Aiming: Sandblast (safe; 3% risk of failure)
Press: ? - help, Shift-Dir - straight line, f - orc priest
Aim: an orc priest, wielding a +0 short sword and wearing a +0 leather armour (79% to hit)
The blast of sand hits the orc priest.
The orc priest is heavily wounded.
The orc hits you but does no damage. x2
Casting: Sandblast (safe; 3% risk of failure)
Confirm with . or Enter, or press ? or * to list all spells.
Aiming: Sandblast (safe; 3% risk of failure)
Press: ? - help, Shift-Dir - straight line, f/p - orc priest
Aim: an orc priest, wielding a +0 short sword and wearing a +0 leather armour (heavily wounded, 79% to hit)
The blast of sand hits the orc priest.
The orc priest is heavily wounded.
The orc priest closely misses you. The orc hits you with a +0 hand axe.
The orc hits you but does no damage.
Casting: Sandblast (safe; 3% risk of failure)
Confirm with . or Enter, or press ? or * to list all spells.
Aiming: Sandblast (safe; 3% risk of failure)
Press: ? - help, Shift-Dir - straight line, f/p - orc priest
Aim: an orc priest, wielding a +0 short sword and wearing a +0 leather armour (heavily wounded, 79% to hit)
The blast of sand hits the orc priest but does no damage.
The orc priest is heavily wounded.
The orc priest hits you with a +0 short sword!
* * * LOW HITPOINT WARNING * * *
The orc closely misses you. The orc hits you with a +0 dagger.
* * * LOW HITPOINT WARNING * * *
You feel better.
The orc priest invokes the aid of Beogh against you.
Beogh smites you!
You die...

#.#..# #. ##########.#..########.
......................> #
#######.##.#..#........ #.. ##
#.##.#..#.#..#...
##+#######...####.####+##+##'####
#...##........o...## #.....##
#...##.#.......#oo.# #.....#.
....##.#.#..o#.#@o.+ +##+##'##'.
....##.#......o#..##..#.....#..#.
....##.#.......#..##..#+###'#..#.
#...##.#.....o.#...#..#.....#..#.
#..###.#.#...#.#...+..+.._..+..+.
##.###.#.......#..##..#.....#..##
#..##.##.....##..##..#+###'#..#
#†.##.###$⌠$###...#..#.....#..##
#...#..#######...<'##+##+##'##'.


You could see an orc priest and 2 orcs.

Vanquished Creatures
  An orc priest (D:3)
  An orc wizard (D:3)
  7 adders
  A worm (D:2)
  3 dart slugs
  4 bats
  2 endoplasms (D:2)
  4 giant cockroaches
  4 goblins
  11 hobgoblins
  6 jackals (D:2)
  4 kobolds
  5 ball pythons
  A frilled lizard (D:2)
  5 rats
59 creatures vanquished.

Notes
Turn   | Place    | Note
-------+----------+-------------------------------------------
     0 | D:1      | wotkd0121004 the Octopode Earth Elementalist began the
                  | quest for the Orb.
     0 | D:1      | Reached XP level 1. HP: 11/11 MP: 3/3
   159 | D:1      | Reached XP level 2. HP: 17/17 MP: 5/5
   513 | D:1      | Reached skill level 3 in Stealth
   925 | D:1      | Reached XP level 3. HP: 22/22 MP: 6/6
  1135 | D:2      | Found a faded altar of an unknown god.
  1317 | D:2      | Reached skill level 1 in Fighting
  1713 | D:2      | Reached XP level 4. HP: 14/28 MP: 0/7
  1713 | D:2      | Gained mutation: You are partially covered in iridescent
                  | scales. (AC +2) [potion of mutation]
  1713 | D:2      | Gained mutation: You have supernaturally acute eyesight.
                  | (SInv) [potion of mutation]
  1713 | D:2      | Gained mutation: You are frail. (-10% HP) [potion of
                  | mutation]
  2488 | D:3      | Reached XP level 5. HP: 23/29 MP: 9/9
  2569 | D:3      | Found Cuis's Distillery.
  2577 | D:3      | Bought a potion of curing for 36 gold pieces
  2711 | D:3      | Found a basalt altar of Yredelemnul.
  2714 | D:3      | Found a hide-covered altar of Uskayaw.
  2823 | D:3      | Found a stormy altar of Qazlal.
  2826 | D:3      | Found an ancient bone altar of Kikubaaqudgha.
  2967 | D:3      | Found a faded altar of an unknown god.
  2971 | D:3      | Found an opulent altar of Gozag.
  3073 | D:3      | Found a white marble altar of Elyvilon.
  3132 | D:3      | Reached skill level 4 in Stealth
  3139 | D:3      | Killed from afar by an orc priest

Illustrated notes

Levels and vault maps discovered:
D:1:      mrwooster_arrival_statue, layout_loops_ring
D:2:      minmay_recursive_quarters, layout_basic,
          ebering_ecumenical_altar_rust, kennysheep_generic_room_9
D:3:      cheibrodos_pilgrimage, layout_basic,
          nicolae_overflow_ecumenical_swirl, grunt_temple_overflow_cloverleaf,
          mainiacjoe_overflow_24_doors, serial_shops, nicolae_diamond_shop

Skill      XL: |  1  2  3  4  5 |
---------------+----------------+-----
Stealth        | 3 4 |  4.1
Fighting       | 1 |  1.8
Transmutations | 2 |  2.2
Dodging        | |  2.8
Spellcasting   | |  2.9
Earth Magic    | |  3.5

Action                   |  1- 3 |  4- 6 || total
-------------------------+-------+-------++-------
Melee: Unarmed           |    19 |       ||    19
       Constrict         |    22 |     8 ||    30
       Tentacles         |    13 |     6 ||    19
       Dagger            |    55 |    54 ||   109
 Cast: Sandblast         |    13 |     9 ||    22
  Use: Scroll            |     2 |       ||     2
       Potion            |       |     3 ||     3
 Stab: Sleeping          |    15 |     7 ||    22
Armor: Skin              |     2 |    23 ||    25
Dodge: Dodged            |    44 |    23 ||    67

Table legend: (Time is in decaauts)
 A = Elapsed time spent in this place.
 B = Non-inter-level travel time spent in this place.
 C = Inter-level travel time spent in this place.
 D = Time resting spent in this place.
 E = Time spent auto-exploring this place.
 F = Levels seen in this place.
 G = Mean time per level.
                   A        B        C        D        E       F      G
               +--------+--------+--------+--------+--------+-----+--------+
         Total |   3138 |   3061 |     77 |    231 |   2365 |   3 | 1046.0 |
       Dungeon |   3138 |   3061 |     77 |    231 |   2365 |   3 | 1046.0 |
               +--------+--------+--------+--------+--------+-----+--------+

Top non-repeatable levels by time:
     D:2: 1310 daAuts
     D:1: 1063 daAuts
     D:3: 763 daAuts
